 Dungeon Crawl Stone Soup version 0.29.1 (webtiles) character file.

Game seed: 16552237559242707599

77 ImASeal the Shield-Bearer (level 4, 0/44 HPs)
             Began as a Troll Fighter on Sept 14, 2022.
             Slain by a black bear (8 damage)
             ... on level 3 of the Dungeon.
             The game lasted 00:02:26 (1040 turns).

ImASeal the Shield-Bearer (Troll Fighter)           Turns: 1040, Time: 00:02:27

Health: 0/44       AC:  4    Str: 32    XL:     4   Next: 14%
Magic:  3/3        EV:  8    Int:  4    God:
Gold:   178        SH:  7    Dex:  9    Spells: 3/3 levels left

rFire   . . .      SeeInvis .   a - +0 war axe
rCold   . . .      Faith    .   c - +0 kite shield
rNeg    . . .      Spirit   .   b - +0 robe
rPois   .          Reflect  .   (helmet restricted)
rElec   .          Harm     .   (no cloak)
rCorr   .          Rampage  .   (gloves unavailable)
Will    .....                   (boots unavailable)
Stlth   +.........              (no amulet)
HPRegen 0.94/turn               g - +6 ring of strength
MPRegen 0.08/turn               (no ring)

@: mighty
A: large, unfitting armour, claws 3, regeneration 1, shaggy fur 1, tough skin 1
a: no special abilities


You were on level 3 of the Dungeon.
You visited 1 branch of the dungeon, and saw 3 of its levels.

You collected 178 gold pieces.

Inventory:

Hand Weapons
 a - a +0 war axe (weapon)
Missiles
 q - 23 stones (quivered)
 u - 3 large rocks
Armour
 b - a +0 robe (worn)
 c - a +0 kite shield (worn)
Jewellery
 g - a +6 ring of strength (left claw)
 t - a +6 ring of dexterity
Scrolls
 f - 2 scrolls of enchant armour {unknown}
 h - 2 scrolls of torment {unknown}
 i - a scroll of amnesia {unknown}
 k - a scroll of enchant weapon {unknown}
 l - a scroll of blinking {unknown}
 m - a scroll of identify {unknown}
 o - a scroll of silence {unknown}
 s - a scroll of poison {unknown}
Potions
 d - a potion of might
 e - 2 potions of heal wounds {unknown}
 j - a potion of mutation {unknown}
 n - 4 potions of curing {unknown}
 p - a potion of degeneration {unknown}
 r - 3 potions of flight {unknown}


   Skills:
 + Level 2.7 Fighting
 * Level 2.9 Axes
 + Level 2.7 Dodging
 + Level 3.0 Shields


You had 3 spell levels left.
You didn't know any spells.
Your spell library contained the following spells:

 Spells                   Type           Power      Damage    Failure   Level
 Sublimation of Blood     Necr           0%         N/A       90%         2
 Wereblood                Tmut           0%         N/A       90%         2
 Summon Hydra             Summ           0%         N/A       100%        7


Dungeon Overview and Level Annotations

Branches:
Dungeon (3/15)

Altars:


Innate Abilities, Weirdness & Mutations

You are too large for most types of armour.
You have claws for hands.
Your natural rate of healing is unusually fast.
You are covered in fur. (AC +1)
You have tough skin. (AC +1)


Message History

The black bear claws you but does no damage.
The black bear closely misses you. The black bear barely misses you.
The black bear claws you but does no damage.
You block the black bear's attack.
You hit the black bear.
The black bear is moderately wounded.
A kobold comes into view. It is wielding a +0 dagger.
The black bear barely misses you. You block the black bear's attack. x2
You barely miss the black bear.
The black bear is moderately wounded.
The black bear bites you. The black bear closely misses you.
The black bear claws you. You block the black bear's attack.
The black bear claws you but does no damage. x2
You barely miss the black bear.
The black bear is moderately wounded.
The black bear bites you but does no damage.
The black bear completely misses you. The black bear claws you.
You barely miss the black bear.
The black bear is moderately wounded.
You block the black bear's attack. The black bear claws you. x2
The black bear bites you but does no damage.
You block the black bear's attack.
The black bear claws you but does no damage.
You closely miss the black bear.
The black bear is moderately wounded.
You closely miss the kobold. You block the kobold's attack.
The black bear bites you. The black bear barely misses you.
The black bear claws you.
You barely miss the black bear.
The black bear is moderately wounded.
You closely miss the kobold. The kobold hits you but does no damage.
The black bear bites you! The black bear closely misses you.
The black bear claws you. The kobold hits you with a +0 dagger.
The black bear bites you.
* * * LOW HITPOINT WARNING * * *
You block the black bear's attack. The black bear claws you.
* * * LOW HITPOINT WARNING * * *
You feel very mighty all of a sudden. The kobold hits you but does no damage.
The black bear bites you!
You die...

#.... .....# ...#.
.......#. #..
.....#.... # ...
.........###.# #..
#.....#K.h.# #..##
#..#...#@## ###...#
#....#..#.###
<.###)###........#.)#
#.................###
....†.......#.#####
#####.............###
#...†........#..#
#........#..#.###
####.#.#...#.#####


You could see a black bear and a kobold.

Vanquished Creatures
  3 adders (D:2)
  A worm (D:2)
  2 dart slugs
  5 ball pythons
  4 bats
  3 endoplasms
  A giant cockroach (D:1)
  6 goblins
  5 hobgoblins
  4 quokkas
  A frilled lizard (D:2)
  3 kobolds
  4 rats
42 creatures vanquished.

Notes
Turn   | Place    | Note
-------+----------+-------------------------------------------
     0 | D:1      | ImASeal the Troll Fighter began the quest for the Orb.
     0 | D:1      | Reached XP level 1. HP: 22/22 MP: 0/0
   190 | D:1      | Found a faded altar of an unknown god.
   222 | D:1      | Reached XP level 2. HP: 29/29 MP: 1/1
   495 | D:2      | Reached skill level 3 in Shields
   495 | D:2      | Reached XP level 3. HP: 36/36 MP: 2/2
   892 | D:2      | Reached XP level 4. HP: 44/44 MP: 3/3
  1031 | D:3      | Noticed a black bear
  1040 | D:3      | Slain by a black bear

Illustrated notes

Levels and vault maps discovered:
D:1:      dpeg_arrival_windows_large_door, layout_rooms, basic_ecumenical_altar,
          minmay_pentomino_p4
D:2:      layout_basic
D:3:      layout_rooms, mainiacjoe_overflow_boulevard, lemuel_tele_altar,
          mainiacjoe_overflow_brackets, minmay_increasing_density, uniq_robin

Skill      XL: |  1  2 |
---------------+-------+-----
Axes           | 2 |  2.9
Shields        | 3 |  3.0
Fighting       | |  2.7
Dodging        | |  2.7

Action                   |  1- 3 |  4- 6 || total
-------------------------+-------+-------++-------
Melee: War axe           |    90 |    13 ||   103
Throw: Stone             |       |     3 ||     3
  Use: Potion            |       |     1 ||     1
Armor: Robe              |    35 |    11 ||    46
Dodge: Dodged            |    36 |    10 ||    46
Block: Kite shield       |    27 |     9 ||    36
